 Dungeon Crawl Stone Soup version 0.26.1-11-gd32895ea62 (webtiles) character file.

Game seed: 8153716744999757540

73 Zeld the Grasshopper (level 4, -4/28 (29) HPs)
             Began as an Octopode Warper on May 17, 2021.
             Killed from afar by Ijyb (11 damage)
             ... with a puff of flame
             ... on level 3 of the Dungeon.
             The game lasted 00:02:20 (3123 turns).

Zeld the Grasshopper (Octopode Warper)              Turns: 3123, Time: 00:02:21

HP:   -4/28 (29)    AC:  1    Str: 11    XL:     4   Next: 27%
MP:   2/7           EV: 13    Int: 15    God:
Gold: 67            SH:  0    Dex: 11    Spells: 3/8 levels left

rFire    . . .     SeeInvis .   r - +0 mace
rCold    . . .     Faith    .   (no shield)
rNeg     . . .     Spirit   .   (helmet restricted)
rPois    .         Reflect  .   (no amulet)
rElec    .         Harm     .   (no ring)
rCorr    .         Rampage  .   (no ring)
Will     .....                  (no ring)
Stlth    ++........             (no ring)
HPRegen  0.09/turn              (no ring)
MPRegen  0.10/turn              (no ring)
                                (no ring)
                                (no ring)

@: lightly drained
A: almost no armour, stealthy swim, amphibious, 8 rings, constrict 8, camouflage
1, gelatinous body 1
a: no special abilities


You were on level 3 of the Dungeon.
You visited 1 branch of the dungeon, and saw 3 of its levels.

You collected 67 gold pieces.

Inventory:

Hand Weapons
 a - a +0 mace
 r - a +0 mace (weapon)
Missiles
 b - 5 boomerangs of dispersal (quivered)
Scrolls
 c - 3 scrolls of blinking
 d - a scroll of remove curse {unknown}
 e - 6 scrolls of teleportation {unknown}
 g - 4 scrolls of identify {unknown}
 h - a scroll of magic mapping {unknown}
 i - a scroll of fear {unknown}
 j - 2 scrolls of amnesia {unknown}
 n - 3 scrolls of random uselessness {unknown}
 o - 2 scrolls of enchant weapon {unknown}
Potions
 f - a potion of degeneration {unknown}
 k - a potion of flight {unknown}
 l - a potion of curing {unknown}
 m - a potion of mutation {unknown}
 p - a potion of invisibility {unknown}
 q - 2 potions of lignification {unknown}


   Skills:
 - Level 2.0 Fighting
 * Level 3.4 Maces & Flails
 - Level 1.0 Throwing
 - Level 2.3 Dodging
 + Level 2.6 Spellcasting
 + Level 3.5 Translocations


You had 3 spell levels left.
You knew the following spells:

 Your Spells              Type           Power        Failure   Level
a - Blink                 Tloc           N/A          8%          2
b - Gell's Gravitas       Tloc           6%           14%         3

Your spell library contained the following spells:

 Spells                   Type           Power        Failure   Level
 Lesser Beckoning         Tloc           6%           14%         3
 Teleport Other           Tloc           12%          14%         3
 Passage of Golubria      Tloc           N/A          43%         4


Dungeon Overview and Level Annotations

Branches:
Dungeon (3/15)

Altars:
Ashenzari

Annotations:
D:3 Ijyb


Innate Abilities, Weirdness & Mutations

You cannot wear most types of armour.
You are very stealthy in the water. (Stealth+)
You are amphibious.
You can wear up to eight rings at the same time.
You can use your tentacles to constrict eight enemies at once.
Your skin changes colour to match your surroundings (Stealth+).
Your rubbery body absorbs attacks. (AC +1, EV +1)


Message History

Ijyb is moderately wounded.
You constrict Ijyb. Ijyb barely misses you.
Ijyb zaps a wand.
The puff of flame hits you!
* * * LOW HITPOINT WARNING * * *
You are too injured to fight recklessly!
You are too injured to fight recklessly!
You are too injured to fight recklessly!
You are too injured to fight recklessly!
Cast which spell? (? or * to list)
You blink.
You constrict Ijyb, but do no damage. Ijyb barely misses you.
Casting: Blink (safe; 8% risk of failure)
Confirm with . or Enter, or press ? or * to list all spells.
You blink.
You lose your grip on Ijyb.
Casting: Blink (safe; 8% risk of failure)
Confirm with . or Enter, or press ? or * to list all spells.
You blink.
Ijyb screams, "Me very upset!"
You see here 15 gold pieces.
Ijyb zaps a wand.
The puff of flame hits you!
You die...

.....)# #≈≈≈..≈.w≈≈...≈###
......# #≈≈≈..≈..≈..≈..≈≈#
....#.# #≈≈...≈.⌠≈..≈..≈≈#
....#.# ####≈≈..≈..≈⌠.≈...≈≈#
......###..#≈≈..≈..≈..≈..≈≈≈#
.......[...##≈...≈≈..≈..≈≈≈##
............##.......w..≈.##
####.##.....##.?......≈≈..#
#. ##.....#..@.........## #.
####.#..............# #.
#....)g###...###.####
#.####.#.#.?..$........)w#
#..........#.......#####.#
#...§....#....##...# #K####.
#.#####.#...#.##...#
###w..... # #.###.#.###..#
#.#.####.
#.###.#.###..##.#..####.


You could see Ijyb and a worm (wandering).

Vanquished Creatures
  A gnoll (D:1)
  An adder (D:3)
  A worm (D:2)
  2 dart slugs (D:1)
  A leopard gecko (D:1)
  An orc (D:3)
  A ball python (D:1)
  5 bats
  2 giant cockroaches (D:2)
  3 goblins
  11 hobgoblins
  2 quokkas
  2 frilled lizards
  8 kobolds
  3 rats
44 creatures vanquished.

Notes
Turn   | Place    | Note
-------+----------+-------------------------------------------
     0 | D:1      | Zeld the Octopode Warper began the quest for the Orb.
     0 | D:1      | Reached XP level 1. HP: 14/14 MP: 3/3
    43 | D:1      | Found a broken altar of Ashenzari.
   289 | D:1      | Reached XP level 2. HP: 14/19 MP: 5/5
   713 | D:1      | Learned a level 2 spell: Blink
   746 | D:1      | Reached XP level 3. HP: 12/24 MP: 6/6
   750 | D:1      | Learned a level 3 spell: Gell's Gravitas
  2264 | D:3      | Reached XP level 4. HP: 16/29 MP: 7/7
  3107 | D:3      | Noticed Ijyb
  3123 | D:3      | Killed from afar by Ijyb

Illustrated notes

Levels and vault maps discovered:
D:1:      sevenhm_arrival_forest_fort_small_6, layout_basic,
          grunt_decor_junction, serial_park_tiny_1,
          chequers_serial_rivers_small_3
D:2:      layout_basic
D:3:      cheibrodos_helix_gallery, layout_loops_ring, corner_web_ring,
          uniq_ijyb, uniq_natasha

Skill      XL: |  1  2  3 |
---------------+----------+-----
Maces & Flails | 3 |  3.4
Fighting       | |  2.0
Throwing       | |  1.0
Dodging        | |  2.3
Spellcasting   | |  2.6
Translocations | |  3.5

Action                   |  1- 3 |  4- 6 || total
-------------------------+-------+-------++-------
Melee: Mace              |    83 |    19 ||   102
       Constrict         |    23 |     4 ||    27
       Tentacles         |    11 |     3 ||    14
 Cast: Blink             |       |     3 ||     3
 Stab: Sleeping          |    10 |     1 ||    11
Armor: Skin              |     8 |     1 ||     9
Dodge: Dodged            |    61 |     9 ||    70
